 Dungeon Crawl Stone Soup version 0.23-a0-375-g66a18ee (webtiles) character file.

81 Cryolive the Digger (level 4, 0/24 HPs)
             Began as a Gargoyle Earth Elementalist on Oct 26, 2018.
             Killed from afar by Terence (7 damage)
             ... with a wand of flame (6)
             ... on level 2 of the Dungeon.
             The game lasted 00:05:21 (1750 turns).

Cryolive the Digger (Gargoyle Earth Elementalist)   Turns: 1750, Time: 00:05:22

Health: 0/24       AC:  8    Str: 12    XL:     4   Next: 40%
Magic:  0/8        EV: 12    Int: 16    God:
Gold:   95         SH:  0    Dex: 10    Spells: 5/9 levels left

rFire    . . .     SeeInvis .   l - +0 whip
rCold    . . .     Gourm    .   (no shield)
rNeg     + . .     Faith    .   c - +0 robe
rPois    ∞         Spirit   .   n - +0 helmet
rElec    +         Reflect  .   (no cloak)
rCorr    .         Harm     .   (no gloves)
MR       .....     Rnd*Tele +   s - +1 pair of boots
Stlth    ++........             (no amulet)
HPRegen  0.08/turn              e - ring of teleportation (curse)
MPRegen  0.11/turn              (no ring)

@: no status effects
A: negative energy resistance 1, electricity resistance, unbreathing,
petrification resistance, rot immunity, AC +3
a: no special abilities


You were on level 2 of the Dungeon.
You were not hungry.

You visited 1 branch of the dungeon, and saw 2 of its levels.

You collected 95 gold pieces.

Inventory:

Hand Weapons
 i - a +0 club
 l - a +0 whip (weapon)
Missiles
 b - 143 stones (quivered)
Armour
 c - a +0 robe (worn)
 n - a +0 helmet (worn)
 s - a +1 pair of boots (worn)
Jewellery
 e - a cursed ring of teleportation (left hand)
 m - a +2 ring of protection {unknown}
Scrolls
 a - a scroll of magic mapping {unknown}
 f - 2 scrolls of remove curse {unknown}
 g - a scroll of fear {unknown}
 j - 2 scrolls of fog {unknown}
 o - a scroll of identify {unknown}
 p - a scroll of teleportation {unknown}
 q - a scroll of enchant armour {unknown}
Potions
 h - a potion of heal wounds {unknown}
 k - a potion of flight {unknown}
 r - a potion of lignification {unknown}
Comestibles
 d - 3 rations
 t - 3 chunks of flesh


   Skills:
 - Level 1.5 Dodging
 - Level 2.1 Stealth
 + Level 3.0 Spellcasting
 + Level 1.5 Conjurations
   Level 0.7 Transmutations
 + Level 4.8 Earth Magic


You had 5 spell levels left.
You knew the following spells:

 Your Spells              Type           Power        Failure   Level  Hunger
a - Sandblast             Erth           ###...       2%          1    #......
b - Stone Arrow           Conj/Erth      ##....       16%         3    ###....

Your spell library contained the following spells:

 Spells                   Type           Power        Failure   Level  Hunger
 Passwall                 Tmut/Erth      ##......     9%          2    ##.....
 Petrify                  Tmut/Erth      ##......     52%         4    #####..
 Lee's Rapid Deconstruct  Erth           ###.......   56%         5    ######.


Dungeon Overview and Level Annotations

Branches:
Dungeon (2/15)

Altars:
Cheibriados

Annotations:
D:2 Terence


Innate Abilities, Weirdness & Mutations

You are resistant to torment.
Your stone body is resilient. (AC +3)
You are immune to poison.
You resist negative energy. (rN+)
You are resistant to electric shocks. (rElec)
You can survive without breathing.
You are immune to petrification.
You are immune to rotting.


Message History

Terence zaps a wand.
The puff of flame hits you!
Terence zaps a wand.
The puff of flame misses you.
Terence zaps a wand.
The puff of flame hits you!
* * * LOW HITPOINT WARNING * * *
Casting: Sandblast (safe; 2% risk of failure)
Confirm with . or Enter, or press ? or * to list all spells.
You can't see any susceptible monsters within range! (Use Z to cast anyway.)
Casting: Sandblast (safe; 2% risk of failure)
Confirm with . or Enter, or press ? or * to list all spells.
You don't know that spell.
Casting: Sandblast (safe; 2% risk of failure)
Confirm with . or Enter, or press ? or * to list all spells.
Aiming: Sandblast (safe; 2% risk of failure)
Press: ? - help, Shift-Dir - straight line, f/p - Terence
Aim: Terence, wielding a +0 hand axe, wearing a +0 scale mail and carrying a The blast of sand hits Terence.
Terence is severely wounded.
b - 143 stones Terence zaps a wand.
The puff of flame hits you!
You die...

#.# . #######.######## ......
#####. ................ .....
..... ......#.######## ....
###.##. #####.#.####### ..[.
#...... ...)........... ...
#...... .####.#.#########...
#...... .####.#..........#
#...... ......#.........@#
###...... .######..........#
#........ .# #.........@#
#........ .# ##..........#
#...#'##. .# ..............#
#.[.#.##. .##.####.........#
#.#...#.##. .##+####.........#
#.#...#.##. .......+.........#
#.#...#.##.
.......#.........######.#...#.##.


You could see Terence.

Vanquished Creatures
  3 adders (D:2)
  An ooze (D:1)
  A worm (D:2)
  2 dart slugs (D:2)
  A leopard gecko (D:1)
  2 giant cockroaches
  5 goblins
  3 hobgoblins
  5 jackals (D:1)
  9 kobolds
  A quokka (D:2)
  A bat (D:2)
  2 frilled lizards
  3 rats
39 creatures vanquished.

Notes
Turn   | Place    | Note
-------+----------+-------------------------------------------
     0 | D:1      | Cryolive the Gargoyle Earth Elementalist began the quest
                  | for the Orb.
     0 | D:1      | Reached XP level 1. HP: 10/10 MP: 3/3
    69 | D:1      | Reached XP level 2. HP: 12/15 MP: 0/5
    85 | D:1      | Reached skill level 4 in Earth Magic
   774 | D:1      | Reached XP level 3. HP: 7/19 MP: 6/6
   779 | D:1      | Learned a level 3 spell: Stone Arrow
  1407 | D:2      | Reached skill level 1 in Conjurations
  1437 | D:2      | Found a snail-covered altar of Cheibriados.
  1553 | D:2      | Reached XP level 4. HP: 21/24 MP: 8/8
  1697 | D:2      | Noticed Terence
  1750 | D:2      | Killed from afar by Terence

Vault maps used:
D:1:      dpeg_arrival_leaves_temple_mockup, minmay_cut_off
D:2:      kennysheep_slug_shrine, uniq_terence

Skill      XL: |  1  2  3  4 |
---------------+-------------+-----
Earth Magic    | 4 |  4.8
Conjurations   | 1 |  1.5
Spellcasting   | 3 |  3.0
Dodging        | |  1.5
Stealth        | |  2.1
Transmutations | |  0.7

Action                   |  1- 3 |  4- 6 || total
-------------------------+-------+-------++-------
Melee: Unarmed           |    34 |       ||    34
       Club              |    49 |       ||    49
       Whip              |   111 |    12 ||   123
 Cast: Sandblast         |     8 |     9 ||    17
       Stone Arrow       |       |     2 ||     2
 Stab: Sleeping          |     4 |       ||     4
  Eat: Chunk             |     2 |     1 ||     3
Armor: Robe              |    63 |     5 ||    68
Dodge: Dodged            |   133 |    12 ||   145

Table legend:
 A = Non-vault XP
 B = Vault XP
 C = Vault XP percentage of total XP
 D = Non-vault monster count
 E = Vault monster count
 F = Vault count percentage of total count
                 A         B        C        D         E       F
            +---------+---------+-------+---------+---------+-------
      Total |      99 |      17 |  14.7 |      34 |       5 |  12.8
            +---------+---------+-------+---------+---------+-------
        D:1 |      34 |      13 |  27.7 |      19 |       4 |  17.4
        D:2 |      65 |       4 |   5.8 |      15 |       1 |   6.2
            +---------+---------+-------+---------+---------+-------
